 Dungeon Crawl Stone Soup version 0.19.0 (webtiles) character file.

65 Softman25 the Chiller (level 4, -1/27 HPs)
             Began as an Octopode Ice Elementalist on Nov 10, 2016.
             Slain by a worm (12 damage)
             ... on level 2 of the Dungeon.
             The game lasted 00:04:04 (2010 turns).

Softman25 the Chiller (Octopode Ice Elementalist)   Turns: 2010, Time: 00:04:04

Health: -1/27      AC:  1    Str:  7    XL:     4   Next: 13%
Magic:  1/8        EV: 13    Int: 17    God:
Gold:   78         SH:  0    Dex: 13    Spells: 2 memorised, 6 levels left

rFire  . . .     SeeInvis .     (no weapon)
rCold  . . .     Gourm    .     (no shield)
rNeg   . . .     Faith    .     (helmet restricted)
rPois  .         Spirit   .     (no amulet)
rElec  .         Reflect  .     (no ring)
rCorr  .         Harm     .     (no ring)
MR     .....                    (no ring)
Stlth  +++.......               (no ring)
                                (no ring)
                                (no ring)
                                (no ring)
                                (no ring)

@: no status effects
A: almost no armour, stealthy swim, amphibious, 8 rings, constrict 8, camouflage
1, gelatinous body 1
a: no special abilities


You were on level 2 of the Dungeon.
You were hungry.

You visited 1 branch of the dungeon, and saw 2 of its levels.

You collected 78 gold pieces.

Inventory:

Scrolls
 c - a scroll of blinking {unknown}
 e - a scroll of fear {unknown}
 f - 2 scrolls of teleportation {unknown}
 g - a scroll of identify {unknown}
 h - 2 scrolls of remove curse {unknown}
 j - a scroll of immolation {unknown}
Potions
 d - a potion of degeneration {unknown}
Books
 a - a book of Frost

   Spells                             Type                      Level
   a - Freeze                         Ice                          1
   b - Throw Frost                    Conjuration/Ice              2
   c - Ozocubu's Armour               Charms/Ice                   3
   d - Throw Icicle                   Conjuration/Ice              4
   e - Summon Ice Beast               Ice/Summoning                4
Comestibles
 b - 2 bread rations


   Skills:
 - Level 2.2 Dodging
 - Level 3.2 Stealth
 + Level 3.0 Spellcasting
 - Level 1.0 Conjurations
 - Level 3.7 Ice Magic


You had 6 spell levels left.
You knew the following spells:

 Your Spells              Type           Power        Failure   Level  Hunger
a - Freeze                Ice            ###.         4%          1    None
b - Throw Frost           Conj/Ice       ##....       12%         2    ##.....


Dungeon Overview and Level Annotations

Branches:
Dungeon (2/15)

Altars:
Ru
Uskayaw


Innate Abilities, Weirdness & Mutations

You cannot wear most types of armour.
You are very stealthy in the water. (Stealth+)
You are amphibious.
You can wear up to eight rings at the same time.
You can use your tentacles to constrict eight enemies at once.
Your skin changes colour to match your surroundings (Stealth+).
Your rubbery body absorbs attacks. (AC +1, EV +1)


Message History

The puff of frost hits the worm.
The worm is moderately wounded.
You tentacle-slap the worm. Your grab misses the worm.
The worm is moderately wounded.
The worm bites you!
You tentacle-slap the worm but do no damage.
You grab the worm.
The worm is lightly wounded.
You constrict the worm.
You tentacle-slap the worm but do no damage.
The worm is moderately wounded.
You constrict the worm. The worm closely misses you.
All of the chunks of flesh in your inventory have rotted away.
You tentacle-slap the worm. You squeeze the worm!
The worm is severely wounded.
You constrict the worm.
You tentacle-slap the worm but do no damage.
The worm is severely wounded.
You constrict the worm. The worm bites you!
You die...

#....>.####.###
#.####.## #.#
#.###...# #.#
#.##(...# #.#
#.......# #.#
########....#.##
#.#
#..............#
#.#
#.########..####
#.....@w.....#
#..####.####.#
#.. #.....##.#
#..#.......#.#
#..#.[.....#.#
#......_..†..#
#..#.......#.#
##.#.......#...
#.....##..##


You could see a worm.

Vanquished Creatures
  2 adders (D:2)
  A worm (D:2)
  3 dart slugs (D:1)
  A leopard gecko (D:1)
  3 giant cockroaches
  3 goblins (D:2)
  4 hobgoblins
  3 quokkas (D:2)
  2 ball pythons
  5 bats
  2 frilled lizards
  4 kobolds (D:2)
  3 rats
36 creatures vanquished.

Notes
Turn   | Place    | Note
-------+----------+-------------------------------------------
     0 | D:1      | Softman25 the Octopode Ice Elementalist began the quest for the Orb.
     0 | D:1      | Reached XP level 1. HP: 11/11 MP: 3/3
   319 | D:1      | Reached XP level 2. HP: 17/17 MP: 5/5
   334 | D:1      | Learned a level 2 spell: Throw Frost
   787 | D:2      | Reached XP level 3. HP: 5/21 MP: 0/6
  1311 | D:2      | Found a sacrificial altar of Ru.
  1979 | D:2      | Found a hide-covered altar of Uskayaw.
  1984 | D:2      | Reached XP level 4. HP: 24/27 MP: 0/8
  2010 | D:2      | Slain by a worm

Skill      XL: |  1  2  3 |
---------------+----------+-----
Stealth        | 3 |  3.2
Spellcasting   | 3 |  3.0
Dodging        | |  2.2
Conjurations   | |  1.0
Ice Magic      | |  3.7

Action                   |  1- 3 |  4- 6 || total
-------------------------+-------+-------++-------
Melee: Unarmed           |   111 |     5 ||   116
       Constrict         |    26 |     1 ||    27
       Tentacles         |    14 |     1 ||    15
 Cast: Freeze            |     5 |     1 ||     6
       Throw Frost       |    13 |     1 ||    14
  Use: Potion            |     2 |       ||     2
 Stab: Sleeping          |     7 |       ||     7
  Eat: Chunk             |     4 |       ||     4
Armor: Skin              |     5 |       ||     5
Dodge: Dodged            |    69 |     1 ||    70
